 Dungeon Crawl Stone Soup version 0.29-a0-653-gd47aff6735 (webtiles) character file.

Game seed: 2573524599651196658

120 zeratav the Sneak (level 4, 0/21 HPs)
             Began as a Spriggan Arcane Marksman on June 21, 2022.
             Slain by an orc
             ... wielding a +0 mace
              (4 damage)
             ... on level 3 of the Dungeon.
             The game lasted 00:02:55 (1961 turns).

zeratav the Sneak (Spriggan Arcane Marksman)        Turns: 1961, Time: 00:02:56

Health: 0/21       AC:  5    Str:  6    XL:     4   Next: 75%
Magic:  7/7        EV: 17    Int: 14    God:
Gold:   141        SH:  0    Dex: 17    Spells: 4/5 levels left

rFire   . . .      SeeInvis +   a - +0 shortbow {bow}
rCold   . . .      Faith    .   (shield currently unavailable)
rNeg    . . .      Spirit   .   b - +0 robe
rPois   .          Reflect  .   (helmet restricted)
rElec   .          Harm     .   i - +2 cloak
rCorr   .          Rampage  .   (gloves unavailable)
Will    .....                   (boots unavailable)
Stlth   +++.......              (no amulet)
HPRegen 0.07/turn               (no ring)
MPRegen 0.10/turn               (no ring)

@: very quick
A: very small, no large weapons, unfitting armour, see invisible, speed 3
a: no special abilities


You were on level 3 of the Dungeon.
You visited 1 branch of the dungeon, and saw 3 of its levels.

You collected 141 gold pieces.


Innate Abilities, Weirdness & Mutations

You are very small and have problems with some larger weapons.
You are too small for most types of armour.
You have supernaturally acute eyesight. (SInv)
You cover ground extremely quickly. (Speed+++)


   Skills:
 - Level 0.7 Fighting
 + Level 4.6 Bows
 - Level 2.6 Dodging
 - Level 5.0 Stealth
 - Level 1.3 Spellcasting
 - Level 3.6 Hexes


You had 4 spell levels left.
You knew the following spells:

 Your Spells              Type           Power      Damage    Failure   Level
a - Slow                  Hex            44%        N/A       6%          1

Your spell library contained the following spells:

 Spells                   Type           Power      Damage    Failure   Level
 Apportation              Tloc           0%         N/A       26%         1
 Necrotize                Necr           0%         1d4       26%         1
 Summon Small Mammal      Summ           0%         N/A       26%         1
 Inner Flame              Hex/Fire       6%         N/A       36%         3
 Portal Projectile        Hex/Tloc       12%        N/A       36%         3
 Cause Fear               Hex            5%         N/A       50%         4

Inventory:

Hand Weapons
 a - a +0 shortbow (weapon) {bow}
Armour
 b - a +0 robe (worn)
 i - a +2 cloak (worn)
   (You found it on level 1 of the Dungeon)
Scrolls
 c - a scroll of vulnerability {!r!r}
 f - 2 scrolls of noise {unknown}
 g - 2 scrolls of identify {unknown}
 h - 4 scrolls of poison {unknown}
 k - 2 scrolls of teleportation {unknown}
 l - a scroll of amnesia {unknown}
 m - a scroll of fear {unknown}
Potions
 d - 2 potions of mutation {unknown}
 e - 2 potions of magic {unknown}
 j - a potion of flight {unknown}
 n - 3 potions of curing {unknown}
 o - a potion of haste {unknown}
 p - a potion of might {unknown}

Dungeon Overview and Level Annotations

Branches:
Dungeon (3/15) Zot: 16473

Altars:

Annotations:
D:3 Ijyb

#..........)....##.##.#.....#
#.#####.######..##.##.......#
###.†........#.###......#
#.....####.....# #......#
#.....############......#
+.....'..................
#.....#############.###.#
###'####......#####..##.#
#.....@o.?..+..........
####...o....######..#.#
#....).).# ##.#.# #....#).†#
#)#.# #....##.... #.#.#
###### .... #.#.# ... ....#
.. ....# ....#


You could see an orc priest and an orc.


Message History

No target in view!
A kobold comes into view.
It is wielding a +0 whip and quivering poisoned darts.
HP[+2]
You regained 2 hp, and now have 20/21 hp.
A kobold is nearby!
You shoot an arrow. The arrow closely misses the kobold.
You shoot an arrow. The arrow closely misses the kobold.
You shoot an arrow. The arrow barely misses the kobold.
The kobold hits you but does no damage.
You shoot an arrow. The arrow hits the kobold.
The kobold barely misses you.
You shoot an arrow. The arrow closely misses the kobold.
The kobold closely misses you.
You shoot an arrow. The arrow misses the kobold.
The kobold closely misses you. The kobold hits you with a +0 whip.
HP[-3]
You take 3 damage, and now have 17/21 hp.
You shoot an arrow. The arrow hits the kobold.
You kill the kobold!
No target in view!
You now have 122 gold pieces (gained 14).
Things that are here:
a +0 whip {mace}; 2 poisoned darts {throwing} HP[+4]
Your hp is fully restored (21).
You now have 141 gold pieces (gained 19).
A hobgoblin comes into view.
The hobgoblin shouts!
A hobgoblin is nearby!
You shoot an arrow. The arrow closely misses the hobgoblin.
The hobgoblin hits you but does no damage.
You shoot an arrow. The arrow hits the hobgoblin.
The hobgoblin closely misses you.
You shoot an arrow. The arrow hits the hobgoblin.
The hobgoblin completely misses you.
You shoot an arrow. The arrow hits the hobgoblin!
You kill the hobgoblin!
No target in view!
There is an open door here.
A rat comes into view.
You shoot an arrow. The arrow hits the rat!
You kill the rat!
No target in view! 2 orcs come into view.
You shoot an arrow. The arrow hits the orc.
The orc shouts!
You shoot an arrow. The orc shouts!
The arrow hits the orc.
An orc comes into view. It is wielding a +0 hand axe.
You shoot an arrow.
The arrow hits the orc but does no damage.
An orc priest comes into view. It is wielding a +0 hand axe.
You shoot an arrow. The orc priest shouts!
The arrow hits the orc!
You kill the orc!
You hear a shout!
An orc comes into view. It is wielding a +0 mace.
You shoot an arrow. The arrow hits the orc!
You kill the orc!
You shoot an arrow. The arrow hits the orc.
You shoot an arrow. The arrow hits the orc.
You kill the orc!
You shoot an arrow. The arrow hits the orc priest!
The orc priest mumbles some strange prayers to Beogh against you.
Beogh smites you!
Ouch! That really hurt!
* * * LOW HITPOINT WARNING * * *
HP[-11]
You take 11 damage, and now have 10/21 hp.
MASSIVE DAMAGE!! (PAUSE)
You are too injured to fight recklessly!
Shoot: a) +0 shortbow {bow}
Press: ? - help, Q - select action, (/) - cycle Shift-Dir - straight line, f/p - orc priest
Aim: an orc priest, wielding a +0 hand axe (severely wounded, 62% to hit)
You shoot an arrow. The arrow barely misses the orc priest.
The orc priest completely misses you.
Shoot: a) +0 shortbow {bow}
Press: ? - help, Q - select action, (/) - cycle Shift-Dir - straight line, f/p - orc priest
Aim: an orc priest, wielding a +0 hand axe (severely wounded, 62% to hit)
You shoot an arrow.
The arrow completely misses the orc priest.
The orc priest closely misses you. The orc hits you but does no damage.
Shoot: a) +0 shortbow {bow}
Press: ? - help, Q - select action, (/) - cycle Shift-Dir - straight line, f/p - orc priest
Aim: an orc priest, wielding a +0 hand axe (severely wounded, 62% to hit)
You shoot an arrow. The arrow hits the orc priest.
The orc hits you with a +0 mace.
* * * LOW HITPOINT WARNING * * *
The orc priest hits you but does no damage.
HP[-6]
You take 6 damage, and now have 4/21 hp.
MASSIVE DAMAGE!! (PAUSE) Shoot: a) +0 shortbow {bow}
Press: ? - help, Q - select action, (/) - cycle Shift-Dir - straight line, f/p - orc priest
Aim: an orc priest, wielding a +0 hand axe (almost dead, 62% to hit)
You shoot an arrow.
The arrow hits the orc priest but does no damage.
The orc hits you with a +0 mace.
You die...

Skill      XL: |  1  2  3  4 |
---------------+-------------+-----
Stealth        | 2 4 5 |  5.0
Bows           | 3 4 |  4.6
Fighting       | |  0.7
Dodging        | |  2.6
Spellcasting   | |  1.3
Hexes          | |  3.6

Action                   |  1- 3 |  4- 6 || total
-------------------------+-------+-------++-------
 Fire: Shortbow          |   167 |    59 ||   226
 Cast: Slow              |     3 |     2 ||     5
Armor: Robe              |    21 |     8 ||    29
Dodge: Dodged            |    99 |    36 ||   135

Levels and vault maps discovered:
D:1:      dpeg_arrival_shelter, layout_loops_cross,
          hellmonk_ecumenical_altar_lost_god, minmay_split_cup_small
D:2:      layout_basic
D:3:      layout_basic, kennysheep_generic_room_6, uniq_ijyb

Notes
Turn   | Place    | Note
-------+----------+-------------------------------------------
     0 | D:1      | zeratav the Spriggan Arcane Marksman began the quest for
                  | the Orb.
     0 | D:1      | Reached XP level 1. HP: 9/9 MP: 3/3
     0 | D:1      | magus.rc [v1.9.6]
    77 | D:1      | Reached skill level 1 in Stealth
   271 | D:1      | Reached skill level 2 in Stealth
   309 | D:1      | Reached XP level 2. HP: 14/14 MP: 5/5
   310 | D:1      | Reached skill level 3 in Stealth
   333 | D:1      | Found a faded altar of an unknown god.
   454 | D:1      | Reached skill level 4 in Stealth
   515 | D:1      | Reached XP level 3. HP: 16/17 MP: 6/6
   795 | D:2      | Reached skill level 5 in Stealth
  1122 | D:2      | Reached skill level 3 in Bows
  1549 | D:3      | Reached XP level 4. HP: 21/21 MP: 7/7
  1610 | D:3      | You pick up a book of Cantrips and begin reading...
  1610 | D:3      | You add the spells Necrotize, Summon Small Mammal and
                  | Apportation to your library.
  1628 | D:3      | Noticed Ijyb
  1673 | D:3      | Reached skill level 4 in Bows
  1960 | D:3      | HP: 4/21 [orc/+0 mace (6)]
  1961 | D:3      | Slain by an orc

Vanquished Creatures
  4 adders
  An ufetubus (D:3)
  2 worms
  A dart slug (D:2)
  7 orcs (D:3)
  4 bats
  5 endoplasms
  4 goblins (D:1)
  6 hobgoblins
  3 jackals (D:1)
  3 quokkas
  A ball python (D:2)
  2 frilled lizards
  11 kobolds
  5 rats
59 creatures vanquished.

Table legend:
 A = Non-vault XP
 B = Vault XP
 C = Vault XP percentage of total XP
 D = Non-vault monster count
 E = Vault monster count
 F = Vault count percentage of total count
                 A         B        C        D         E       F
            +---------+---------+-------+---------+---------+-------
      Total |     166 |       6 |   3.5 |      56 |       3 |   5.1
            +---------+---------+-------+---------+---------+-------
        D:1 |      45 |       6 |  11.8 |      26 |       3 |  10.3
        D:2 |      41 |       0 |   0.0 |      14 |       0 |   0.0
        D:3 |      80 |       0 |   0.0 |      16 |       0 |   0.0
            +---------+---------+-------+---------+---------+-------

Illustrated notes

Table legend:
 A = Kills in this place as a percentage of kills in entire the game.
 B = Kills by you in this place as a percentage of kills by you in the entire game.
 C = Kills by friends in this place as a percentage of kills by friends in the entire game.
 D = Other kills in this place as a percentage of other kills in the entire game.
 E = Experience gained in this place as a percentage of experience gained in the entire game.
 F = Experience gained in this place divided by the number of levels of this place that you have seen.
                   A       B       C       D       E      F
               +-------+-------+-------+-------+-------+----------------------
         Total | 100.0 | 100.0 |   N/A |   N/A | 100.0 |  57.3
       Dungeon | 100.0 | 100.0 |   N/A |   N/A | 100.0 |  57.3
               +-------+-------+-------+-------+-------+----------------------

Table legend: (Time is in decaauts)
 A = Elapsed time spent in this place.
 B = Non-inter-level travel time spent in this place.
 C = Inter-level travel time spent in this place.
 D = Time resting spent in this place.
 E = Time spent auto-exploring this place.
 F = Levels seen in this place.
 G = Mean time per level.
                   A        B        C        D        E       F      G
               +--------+--------+--------+--------+--------+-----+--------+
         Total |   1525 |   1480 |     45 |    125 |    946 |   3 |  508.3 |
       Dungeon |   1525 |   1480 |     45 |    125 |    946 |   3 |  508.3 |
               +--------+--------+--------+--------+--------+-----+--------+

Top non-repeatable levels by time:
     D:1: 598 daAuts
     D:2: 522 daAuts
     D:3: 404 daAuts
